 Dungeon Crawl Stone Soup version 0.30-a0-279-g4b46babb21 (webtiles) character file.

Game seed: 7357313065908338965

263 pokeman the Magician (level 5, -14/29 HPs)
             Began as a Deep Elf Hedge Wizard on Oct 16, 2022.
             Demolished by Menkaure (21 damage)
             ... on level 4 of the Dungeon.
             The game lasted 00:05:57 (3711 turns).

pokeman the Magician (Deep Elf Hedge Wizard)        Turns: 3711, Time: 00:05:58

Health: -14/29     AC:  3    Str: 16    XL:     5   Next: 97%
Magic:  19/25      EV: 13    Int: 21    God:
Gold:   130        SH:  0    Dex: 17    Spells: 9/17 levels left

rFire   . . .      SeeInvis +    k - +6 great mace of Disgust {drain, Str+9 Stlth-}
rCold   . . .      Faith    .    (shield currently unavailable)
rNeg    . . .      Spirit   .    f - +0 leather armour
rPois   .          Reflect  .    c - +0 hat
rElec   .          Harm     .    (no cloak)
rCorr   .          Rampage  .    (no gloves)
Will    .....                    (no boots)
Stlth   +.........               (no amulet)
HPRegen 0.24/turn                g - ring of flight
MPRegen 0.19/turn                m - ring "Unesasuf" {MP+9 Dex+3 SInv}

@: flying
A: no striking features
a: no special abilities


You were on level 4 of the Dungeon.
You visited 1 branch of the dungeon, and saw 4 of its levels.

You collected 130 gold pieces.

Inventory:

Hand Weapons
 k - the +6 great mace of Disgust (weapon) {drain, Str+9 Stlth-}
   (You found it on level 2 of the Dungeon)

   A truly terrible weapon, it drains the life of any living foe it strikes.
   Str:       It affects your strength (+9).
   Stlth:     It makes you less stealthy.
Armour
 c - a +0 hat (worn)
 f - a +0 leather armour (worn)
 s - +0 ice dragon scales
Jewellery
 g - a ring of flight (left hand)
 m - the ring "Unesasuf" (right hand) {MP+9 Dex+3 SInv}
   (You found it on level 2 of the Dungeon)

   [ring of see invisible]

   Dex:       It affects your dexterity (+3).
   MP:        It affects your magic capacity (+9).
   SInv:      It lets you see invisible.
 r - an amulet of guardian spirit
Wands
 u - a wand of roots (3)
Scrolls
 a - a scroll of amnesia {unknown}
 h - a scroll of immolation {unknown}
 i - a scroll of fear {unknown}
 j - 2 scrolls of teleportation {unknown}
 n - a scroll of noise {unknown}
 p - a scroll of silence {unknown}
 q - a scroll of enchant weapon {unknown}
 t - a scroll of enchant armour {unknown}
 v - a scroll of poison {unknown}
Potions
 b - 2 potions of mutation {unknown}
 d - a potion of magic
 e - a potion of brilliance {unknown}
 l - a potion of heal wounds {unknown}
 o - 2 potions of curing {unknown}


   Skills:
 + Level 1.0 Fighting
 - Level 1.0 Armour
 - Level 3.0 Dodging
 - Level 3.0 Stealth
 * Level 6.7 Spellcasting
 + Level 2.9 Conjurations
 - Level 1.1 Summonings
 - Level 1.1 Translocations
 - Level 1.0 Air Magic
 - Level 1.2 Poison Magic
 + Level 0.3 Evocations


You had 9 spell levels left.
You knew the following spells:

 Your Spells              Type           Power      Damage    Failure   Level
a - Magic Dart            Conj           76%        1d6       3%          1
b - Mephitic Cloud        Conj/Pois/Air  14%        N/A       16%         3
c - Call Imp              Summ           11%        N/A       11%         2
d - Blink                 Tloc           22%        N/A       11%         2

Your spell library contained the following spells:

 Spells                   Type           Power      Damage    Failure   Level
 Slow                     Hex            28%        N/A       11%         1
 Cigotuvi's Dreadful Rot  Necr/Pois/Air  20%        N/A       12%         2
 Ensorcelled Hibernation  Hex/Ice        14%        N/A       17%         2
 Spider Form              Tmut/Pois      9%         N/A       26%         3
 Anguish                  Hex/Necr       3%         N/A       73%         4


Dungeon Overview and Level Annotations

Branches:
Dungeon (4/15)
 Temple: D:4-7

Altars:
Makhleb

Shops:
D:2 [

Annotations:
D:4 Menkaure


Message History

Confirm with . or Enter, or press ? or * to list all spells.
Aiming: Magic Dart (safe; 3% risk of failure)
Press: ? - help, Shift-Dir - straight line, f/p - Menkaure
Aim: Menkaure (lightly damaged, 100% to hit)
The magic dart hits Menkaure.
Menkaure is lightly damaged.
Casting: Magic Dart (safe; 3% risk of failure)
Confirm with . or Enter, or press ? or * to list all spells.
Aiming: Magic Dart (safe; 3% risk of failure)
Press: ? - help, Shift-Dir - straight line, f/p - Menkaure
Aim: Menkaure (lightly damaged, 100% to hit)
The magic dart hits Menkaure but does no damage.
Menkaure is lightly damaged.
Menkaure gestures wildly while chanting.
Menkaure seems to speed up.
Casting: Magic Dart (safe; 3% risk of failure)
Confirm with . or Enter, or press ? or * to list all spells.
The spell is quite dangerous to miscast (16% risk of failure)!
Continue anyway?
Aiming: Mephitic Cloud (quite dangerous; 16% risk of failure)
Press: ? - help, Shift-Dir - straight line, p - Menkaure The ball explodes into a vile cloud!
The stinking cloud engulfs the iguana but does no damage.
The stinking cloud engulfs Menkaure but does no damage.
Menkaure is lightly damaged.
You hear a shout!
The iguana is engulfed in noxious fumes.
The iguana appears confused.
Unknown command.
You completely miss Menkaure.
Menkaure is lightly damaged.
Menkaure hits you!!
Ouch! That really hurt!
* * * LOW HITPOINT WARNING * * *
Menkaure barely misses you.
Unknown command.
You barely miss Menkaure.
Menkaure is lightly damaged.
Menkaure completely misses you. Menkaure hits you!!
Ouch! That really hurt!
You die...

##.###..## ##.##
##...##...#####...#
#..†.###.....#....# #
#._.## #..........# ###
##∩## ##.........####..
### #####...##..#..#.. #
#.................
....###................#
......M@................
....#°..............<...
....°###................
..... #................
..## ...............## #
......#........###
......##.##### #
......... . ## ..


You could see Menkaure (fast).

Vanquished Creatures
  A phantom (D:4)
  A hound (D:4)
  Ijyb (D:4)
  4 adders
  2 worms
  5 dart slugs
  2 orcs (D:3)
  7 endoplasms
  6 giant cockroaches
  6 hobgoblins
  8 kobolds
  8 quokkas
  5 ball pythons
  3 bats (D:1)
  15 frilled lizards
  3 goblins
  6 rats
83 creatures vanquished.

Vanquished Creatures (others)
  5 plants (D:3)
5 creatures vanquished.

Grand Total: 88 creatures vanquished

Notes
Turn   | Place    | Note
-------+----------+-------------------------------------------
     0 | D:1      | pokeman the Deep Elf Hedge Wizard began the quest for the
                  | Orb.
     0 | D:1      | Reached XP level 1. HP: 10/10 MP: 7/7
   226 | D:1      | Reached XP level 2. HP: 2/15 MP: 0/9
   945 | D:1      | Reached skill level 5 in Spellcasting
  1196 | D:1      | Reached XP level 3. HP: 20/20 MP: 8/11
  1200 | D:1      | Learned a level 3 spell: Mephitic Cloud
  1203 | D:1      | Learned a level 2 spell: Call Imp
  1206 | D:1      | Learned a level 2 spell: Blink
  1757 | D:2      | Reached skill level 1 in Fighting
  1757 | D:2      | Reached skill level 1 in Armour
  1877 | D:2      | Identified the +6 great mace of Disgust {drain, Str+9
                  | Stlth-}
  2163 | D:2      | Found Mopimon's Antique Armour Shoppe.
  2194 | D:2      | Reached XP level 4. HP: 25/25 MP: 6/13
  2402 | D:2      | Identified the ring "Unesasuf" {MP+9 Dex+3 SInv}
  3418 | D:3      | Reached skill level 6 in Spellcasting
  3498 | D:4      | Noticed Ijyb
  3543 | D:4      | Killed Ijyb
  3544 | D:4      | Reached XP level 5. HP: 29/29 MP: 15/15
  3548 | D:4      | Noticed a phantom
  3561 | D:4      | Killed a phantom
  3562 | D:4      | Reached skill level 1 in Poison Magic
  3665 | D:4      | Found a burning altar of Makhleb.
  3671 | D:4      | Reached skill level 1 in Air Magic
  3704 | D:4      | Noticed Menkaure
  3711 | D:4      | Demolished by Menkaure

Illustrated notes

Levels and vault maps discovered:
D:1:      minmay_arrival_nine_rooms, layout_loops_corners,
          chequers_serial_rivers_micro_d, minmay_small_reverse_x
D:2:      layout_rooms, serial_shops, shop
D:3:      layout_basic, corexii_leaking_fountain, minmay_misc_feat_rugged,
          minmay_lizard_king
D:4:      layout_cave_pools, makhleb_blood_cavern_becter, uniq_ijyb,
          uniq_menkaure, uniq_sigmund, uniq_duvessa

Skill      XL: |  1  2  3  4  5 |
---------------+----------------+-----
Spellcasting   | 5 6 |  6.7
Fighting       | 1 |  1.0
Armour         | 1 |  1.0
Conjurations   | 2 |  2.9
Stealth        | 3 |  3.0
Dodging        | 3 |  3.0
Poison Magic   | 1 |  1.2
Air Magic      | 1 |  1.0
Summonings     | |  1.1
Translocations | |  1.1
Evocations     | |  0.3

Action                   |  1- 3 |  4- 6 || total
-------------------------+-------+-------++-------
Melee: Dagger            |    28 |       ||    28
       Punch             |     1 |       ||     1
       Great mace        |       |    13 ||    13
 Cast: Magic Dart        |   121 |    90 ||   211
       Mephitic Cloud    |       |     2 ||     2
Armor: Robe              |     8 |       ||     8
       Leather armour    |    11 |     4 ||    15
Dodge: Dodged            |    34 |    15 ||    49

Table legend: (Time is in decaauts)
 A = Elapsed time spent in this place.
 B = Non-inter-level travel time spent in this place.
 C = Inter-level travel time spent in this place.
 D = Time resting spent in this place.
 E = Time spent auto-exploring this place.
 F = Levels seen in this place.
 G = Mean time per level.
                   A        B        C        D        E       F      G
               +--------+--------+--------+--------+--------+-----+--------+
         Total |   3717 |   3632 |     85 |     97 |   3076 |   4 |  929.2 |
       Dungeon |   3717 |   3632 |     85 |     97 |   3076 |   4 |  929.2 |
               +--------+--------+--------+--------+--------+-----+--------+

Top non-repeatable levels by time:
     D:1: 1751 daAuts
     D:3: 958 daAuts
     D:2: 809 daAuts
     D:4: 198 daAuts
